 Dungeon Crawl Stone Soup version 0.29.0-4-gdea44cf6ec (webtiles) character file.

Game seed: 7908285655437361656

53 qw the Chopper (level 3, -1/21 HPs)
             Began as a Tengu Warper on Aug 28, 2022.
             Slain by a hobgoblin (2 damage)
             ... led by Robin
             ... on level 2 of the Dungeon.
             The game lasted 00:00:08 (1294 turns).

qw the Chopper (Tengu Warper)                       Turns: 1294, Time: 00:00:08

Health: -1/21      AC:  8    Str: 13    XL:     3   Next: 89%
Magic:  7/7        EV:  6    Int: 13    God:
Gold:   106        SH:  0    Dex: 13    Spells: 6/6 levels left

rFire   . . .      SeeInvis .   Y - +0 hand axe
rCold   . . .      Faith    .   (no shield)
rNeg    . . .      Spirit   .   f - +0 chain mail
rPois   .          Reflect  .   (helmet restricted)
rElec   .          Harm     .   (no cloak)
rCorr   .          Rampage  .   (no gloves)
Will    .....                   (boots unavailable)
Stlth   ..........              (no amulet)
HPRegen 0.07/turn               (no ring)
MPRegen 0.10/turn               (no ring)

@: no status effects
A: beak, talons 3
a: no special abilities


You were on level 2 of the Dungeon.
You visited 1 branch of the dungeon, and saw 2 of its levels.

You collected 106 gold pieces.


Innate Abilities, Weirdness & Mutations

You have a beak for a mouth.
You have claws for feet.


   Skills:
 - Level 2.0 Fighting
 + Level 4.5 Axes
 - Level 1.0 Throwing
 - Level 1.1 Armour
 - Level 2.1 Dodging
 - Level 2.0 Spellcasting
 - Level 2.4 Translocations


You had 6 spell levels left.
You didn't know any spells.
Your spell library contained the following spells:

 Spells                   Type           Power      Damage    Failure   Level
 Blink                    Tloc           14%        N/A       99%         2
 Gell's Gravitas          Tloc           7%         N/A       100%        3
 Lesser Beckoning         Tloc           7%         N/A       100%        3
 Teleport Other           Tloc           7%         N/A       100%        3
 Manifold Assault         Tloc           7%         N/A       100%        5

Inventory:

Hand Weapons
 i - a +0 club
 Y - a +0 hand axe (weapon)
Armour
 b - the +1 ring mail "Hodit" {-Cast rN+ Will+}
   (You found it on level 2 of the Dungeon)

   rN:        It protects you from negative energy.
   -Cast:     It prevents spellcasting.
   Will:      It increases your willpower.
 f - a +0 chain mail (worn)
Jewellery
 k - a ring of fire
Scrolls
 a - a scroll of identify {unknown}
Potions
 d - a potion of lignification {unknown}
 e - a potion of invisibility {unknown}
 h - a potion of curing {unknown}
 j - a potion of attraction {unknown}

Dungeon Overview and Level Annotations

Branches:
Dungeon (2/15)

Altars:

Annotations:
D:2 Robin


Message History

The goblin shouts!
You peck the goblin.
The goblin is moderately wounded.
The goblin hits you with a +0 club.
A goblin comes into view. It is wielding a +0 dagger.
The goblin barely misses you.
You closely miss the goblin.
The goblin is moderately wounded.
The goblin shouts!
The goblin hits you but does no damage.
You barely miss the goblin. Your kick misses the goblin.
The goblin is moderately wounded.
You barely miss the goblin. The goblin hits you with a +0 dagger.
Robin roars a battlecry!
The goblins go into a battle-frenzy!
The goblin hits you with a +0 club.
You hit the goblin.
The goblin is severely wounded.
You hit the goblin. The goblin hits you with a +0 dagger.
The goblin hits you but does no damage.
You hit the goblin. Your peck misses the goblin.
The goblin is almost dead.
You barely miss the goblin. The goblin hits you with a +0 dagger.
The goblin hits you with a +0 club.
You hit the goblin.
You kill the goblin!
You closely miss the hobgoblin. You barely miss the goblin.
The goblin hits you but does no damage.
You barely miss the goblin. Your kick misses the goblin. You peck the goblin.
You kill the goblin!
You hit Robin but do no damage. You hit the hobgoblin but do no damage.
Robin throws the goblin at you!
The hobgoblin hits you but does no damage.
The goblin completely misses you.
You closely miss Robin. You hit the hobgoblin but do no damage.
You hit the goblin.
You kill the goblin!
The hobgoblin hits you.
You die...

...# #.##...# ####
#.##.#.# .# #. #
#......# .##.# #
###..%## #.#.# # #...#
#.).# # #...# ...## #
#####..%##### ..>?##
####...........##gg(..#.
...............)@gg.....
..##...........##)).....
#.#####......### .......
#.# #....#.# ....... #.#
#....#.# ####... ..#
#....#.# ## ### #......#
# ###. ### #


You could see Robin, 2 hobgoblins and a goblin (strong).

Vanquished Creatures
  2 adders (D:2)
  A worm (D:2)
  4 ball pythons
  An endoplasm (D:2)
  8 goblins
  3 hobgoblins
  2 kobolds (D:1)
  3 quokkas (D:1)
  3 frilled lizards (D:1)
  4 rats
31 creatures vanquished.

Vanquished Creatures (others)
  A plant (D:1)
1 creature vanquished.

Grand Total: 32 creatures vanquished

Notes
Turn   | Place    | Note
-------+----------+-------------------------------------------
     0 | D:1      | qw the Tengu Warper began the quest for the Orb.
     0 | D:1      | Reached XP level 1. HP: 12/12 MP: 4/4
     0 | D:1      | 0 ||| qw: Version: 0.1-a-89-g26bdef1
     0 | D:1      | 0 ||| qw: Game counter: 2611
     0 | D:1      | 0 ||| qw: Always use a shield: true
     0 | D:1      | 0 ||| qw: God list: Okawaru
     0 | D:1      | 0 ||| qw: Allow faded altars: false
     0 | D:1      | 0 ||| qw: Do Orc after D:15 true
     0 | D:1      | 0 ||| qw: Do second Lair branch before Depths: true
     0 | D:1      | 0 ||| qw: Lair rune preference: random
     0 | D:1      | 0 ||| qw: Plans: Normal
     0 | D:1      | 0 ||| PLANNING D:1-11
   126 | D:1      | Reached XP level 2. HP: 13/17 MP: 6/6
   223 | D:1      | Reached skill level 3 in Axes
   263 | D:1      | 263 ||| Stepping ~*~*~tactically~*~*~ (stealth).
   679 | D:1      | 679 ||| UPGRADING to +0 chain mail.
   689 | D:1      | 689 ||| DROPPING +0 leather armour.
   690 | D:1      | 690 ||| READING scroll labelled ZEATRAR VIUN.
   693 | D:1      | 693 ||| DROPPING scroll of blinking.
   775 | D:2      | Reached XP level 3. HP: 18/21 MP: 7/7
   885 | D:2      | 885 ||| Stepping ~*~*~tactically~*~*~ (stealth).
   886 | D:2      | 886 ||| Stepping ~*~*~tactically~*~*~ (stealth).
   899 | D:2      | Reached skill level 4 in Axes
  1050 | D:2      | Identified the +1 ring mail "Hodit" {-Cast rN+ Will+}
  1060 | D:2      | 1060 ||| Stepping ~*~*~tactically~*~*~ (stealth).
  1064 | D:2      | 1064 ||| Stepping ~*~*~tactically~*~*~ (stealth).
  1065 | D:2      | 1065 ||| Stepping ~*~*~tactically~*~*~ (stealth).
  1275 | D:2      | 1275 ||| Stepping ~*~*~tactically~*~*~ (stealth).
  1277 | D:2      | 1277 ||| Stepping ~*~*~tactically~*~*~ (hiding).
  1284 | D:2      | Noticed Robin
  1291 | D:2      | HP: 1/21 [goblin/+0 club[Robin] (5)]
  1294 | D:2      | Slain by a hobgoblin

Levels and vault maps discovered:
D:1:      giann_bridges, layout_basic
D:2:      layout_loops_cross, uniq_robin, uniq_natasha

Skill      XL: |  1  2  3 |
---------------+----------+-----
Axes           | 3 4 |  4.5
Fighting       | |  2.0
Throwing       | |  1.0
Armour         | |  1.1
Dodging        | |  2.1
Spellcasting   | |  2.0
Translocations | |  2.4

Action                   || total
-------------------------++-------
Melee: Hand axe          ||    63
       Kick              ||    12
       Peck              ||    13
Throw: Boomerang         ||     7
  Use: Scroll            ||     1
Armor: Chain mail        ||    16
Dodge: Dodged            ||    15

Table legend:
 A = Non-vault XP
 B = Vault XP
 C = Vault XP percentage of total XP
 D = Non-vault monster count
 E = Vault monster count
 F = Vault count percentage of total count
                 A         B        C        D         E       F
            +---------+---------+-------+---------+---------+-------
      Total |      65 |      13 |  16.7 |      24 |       7 |  22.6
            +---------+---------+-------+---------+---------+-------
        D:1 |      24 |       0 |   0.0 |      14 |       0 |   0.0
        D:2 |      41 |      13 |  24.1 |      10 |       7 |  41.2
            +---------+---------+-------+---------+---------+-------
